 Dungeon Crawl Stone Soup version 0.28.0-53-g5a82cb258f (webtiles) character file.

Game seed: 6172463649539878771

490 buhh the Changer (level 7, -1/50 HPs)
             Began as an Octopode Transmuter on June 19, 2022.
             Slain by an orc
             ... wielding a +0 whip
              (2 damage)
             ... on level 5 of the Dungeon.
             The game lasted 00:10:26 (5573 turns).

buhh the Changer (Octopode Transmuter)              Turns: 5573, Time: 00:10:27

Health: -1/50      AC:  1    Str: 10    XL:     7   Next: 14%
Magic:  10/10      EV: 13    Int: 17    God:
Gold:   172        SH:  0    Dex: 12    Spells: 4/10 levels left

rFire   . . .      SeeInvis .     - Unarmed
rCold   . . .      Faith    .   (no shield)
rNeg    . . .      Spirit   .   (helmet currently unavailable)
rPois   .          Reflect  .   (no amulet)
rElec   .          Harm     .   (no ring)
rCorr   .          Rampage  .   (no ring)
Will    .....                   (no ring)
Stlth   +++.......              (no ring)
HPRegen 0.16/turn               (no ring)
MPRegen 0.12/turn               (no ring)
                                (no ring)
                                (no ring)

@: brilliant, lethally poisoned (-1 -> -4), appendages, flying
A: tentacle spike 3, almost no armour, amphibious, 8 rings, camouflage 1,
gelatinous body 1, (nimble swimmer 1), tentacles
a: End Transformation


You were on level 5 of the Dungeon.
One of your tentacles had grown a beastly spike.
You visited 1 branch of the dungeon, and saw 5 of its levels.

You collected 172 gold pieces.

Inventory:

Missiles
 b - 9 poisoned darts
 G - 2 javelins
Jewellery
 c - a +4 ring of protection
Potions
 g - 2 potions of attraction


   Skills:
 - Level 5.0 Fighting
 - Level 2.0 Dodging
 - Level 1.0 Stealth
 - Level 3.0 Unarmed Combat
 - Level 2.0 Spellcasting
 * Level 5.5 Transmutations


You had 4 spell levels left.
You knew the following spells:

 Your Spells              Type           Power      Damage    Failure   Level
a - Beastly Appendage     Tmut           60%        N/A       1%          1
b - Wereblood             Tmut           30%        N/A       3%          2
c - Spider Form           Tmut/Pois      16%        N/A       19%         3

Your spell library contained the following spells:

 Spells                   Type           Power      Damage    Failure   Level
 Animate Skeleton         Necr           4%         N/A       19%         1
 Pain                     Necr           8%         1d4       19%         1
 Vampiric Draining        Necr           2%         2d6       50%         3
 Ice Form                 Ice/Tmut       16%        N/A       52%         4


Dungeon Overview and Level Annotations

Branches:
Dungeon (5/15)             Temple (0/1) D:5

Altars:

Shops:
D:2 :

Annotations:
D:2 1 runed translucent door, exclusion: door, Crazy Yiuf
D:3 2 transporters, Kranky's ghost, amateur MiBe
D:4 exclusions: lemure and 2 more exclusions, Edmund; Pikel; Sigmund
D:5 Prince Ribbit


Innate Abilities, Weirdness & Mutations

One of your tentacles has grown a beastly spike.
You cannot wear most types of armour.
You are amphibious.
You can wear up to eight rings at the same time.
Your skin changes colour to match your surroundings (Stealth+).
Your rubbery body absorbs attacks. (AC +1, EV +1)
((You are camouflaged when in or above water. (Stealth+)))
You have tentacles for arms and can constrict up to eight enemies at once.


Message History

The orc hits you from afar with a +0 trident.
You barely miss the adder. Your grab misses the adder.
The adder is lightly wounded.
You feel sick. The adder bites you. The orc closely misses you.
The adder bites you.
You closely miss the adder. Your grab misses the adder.
Your tentacle spike misses the adder.
You feel sick.
The orc hits you from afar with a +0 trident.
The orc closely misses you. The adder misses you.
Okay, then.
You feel sick. The adder barely misses you.
You feel sick.
You feel sick.
You are no longer poisoned.
The adder closely misses you.
The orc hits you from afar with a +0 trident!
* * * LOW HITPOINT WARNING * * *
The adder misses you.
The orc hits you from afar with a +0 trident!
* * * LOW HITPOINT WARNING * * *
It was a potion of brilliance.
You feel clever all of a sudden. The adder barely misses you.
The orc hits you from afar with a +0 trident.
* * * LOW HITPOINT WARNING * * *
The adder barely misses you.
It was a potion of flight.
You feel very buoyant.
You fly up into the air.
The orc misses you. x2; The adder bites you.
* * * LOW HITPOINT WARNING * * *
You are lethally poisoned!
The adder poisons you!
Unknown command.
The orc wizard shouts!
You tentacle-slap the adder. Your grab misses the adder.
Your squeeze misses the adder.
The adder is lightly wounded.
* * * LOW HITPOINT WARNING * * *
You feel sick. The orc hits you with a +0 whip.
You die...

#######......##..
###..##............
#....#.........##.. ###
##.................
###.###.......o......##.. ###
###.#......................
##.###.....#.....o..............
#...##.........S.#.............#
#.......#.#....@o##.............
#.......#........##.............
##.....##..[.....##.............
####............#..............
#..............#............
######...))###.#............
#.##))##...........##..
###..###.##.......###..
#..###.#.........#...


You could see an orc wizard, an adder and 2 orcs.

Vanquished Creatures
  A necrophage (D:5)
  An ogre (D:5)
  A water moccasin skeleton (D:5)
  A hound (D:4)
  3 iguanas
  An orc wizard (D:5)
  A hound zombie (D:5)
  5 adders
  2 worms (D:2)
  A dart slug (D:1)
  10 orcs
  12 ball pythons
  6 endoplasms
  5 giant cockroaches
  8 goblins
  5 hobgoblins
  2 kobolds
  A quokka (D:1)
  6 bats
  A frilled lizard (D:1)
  2 rats
75 creatures vanquished.

Vanquished Creatures (others)
  An orc (D:5)
1 creature vanquished.

Grand Total: 76 creatures vanquished

Notes
Turn   | Place    | Note
-------+----------+-------------------------------------------
     0 | D:1      | buhh the Octopode Transmuter began the quest for the Orb.
     0 | D:1      | Reached XP level 1. HP: 13/13 MP: 3/3
   205 | D:1      | Reached XP level 2. HP: 14/19 MP: 3/5
   890 | D:1      | Reached XP level 3. HP: 25/25 MP: 4/6
  1531 | D:2      | Found Moonoamm's Book Boutique.
  1809 | D:2      | Reached XP level 4. HP: 31/32 MP: 5/7
  2209 | D:2      | Found a runed translucent door.
  2210 | D:2      | Noticed Crazy Yiuf
  3139 | D:3      | Noticed an ogre
  3142 | D:3      | Noticed Kranky's ghost (amateur MiBe)
  3152 | D:3      | Noticed an ogre
  3176 | D:3      | Found a transporter.
  3176 | D:3      | Found a transporter.
  3187 | D:3      | Identified the +7 dire flail "Killer Bee's Regret" {freeze,
                  | rN+}
  3187 | D:3      | Noticed an ogre
  3354 | D:4      | Noticed a lemure
  3358 | D:5      | Entered Level 5 of the Dungeon
  3358 | D:5      | Noticed an ogre
  3358 | D:5      | Found a staircase to the Ecumenical Temple.
  3442 | D:4      | Reached XP level 5. HP: 19/38 MP: 8/8
  3860 | D:4      | Learned a level 2 spell: Wereblood
  3864 | D:4      | Learned a level 3 spell: Spider Form
  3865 | D:4      | Noticed a lemure
  3892 | D:4      | Noticed Pikel
  4285 | D:5      | Noticed Sigmund
  4660 | D:5      | Noticed a necrophage
  4667 | D:5      | Reached XP level 6. HP: 45/45 MP: 7/9
  4677 | D:5      | Killed a necrophage
  4865 | D:5      | Reached XP level 7. HP: 21/50 MP: 3/10
  5087 | D:5      | Noticed Prince Ribbit
  5106 | D:5      | Noticed Edmund
  5572 | D:5      | HP: 2/50 [adder (2)]
  5573 | D:5      | Slain by an orc

Illustrated notes

Levels and vault maps discovered:
D:1:      dpeg_arrival_tiny_k, layout_basic
D:2:      layout_loops_cross, serial_shops, nicolae_shop_waterfront,
          uniq_crazy_yiuf_cottage
D:3:      layout_basic, gammafunk_ghost_smash
D:4:      layout_loops_cross, kennysheep_generic_room_12, uniq_pikel
D:5:      layout_cave_pools, minmay_temple_entry_mist, uniq_prince_ribbit1,
          uniq_edmund, uniq_sigmund, uniq_grinder

Skill      XL: |  1  2  3  4  5  6 |
---------------+-------------------+-----
Stealth        | 1 |  1.0
Fighting       | 2 3 4 5 |  5.0
Transmutations | 3 5 |  5.5
Dodging        | |  2.0
Unarmed Combat | |  3.0
Spellcasting   | |  2.0

Action                   |  1- 3 |  4- 6 |  7- 9 || total
-------------------------+-------+-------+-------++-------
Melee: Unarmed           |    72 |   102 |    12 ||   186
       Constrict         |    19 |    22 |     1 ||    42
       Tentacles         |    13 |    19 |     2 ||    34
       Kick              |    14 |    29 |     2 ||    45
       Punch             |     1 |     4 |     1 ||     6
 Cast: Beastly Appendage |    18 |    22 |     4 ||    44
       Spider Form       |       |     4 |       ||     4
  Use: Scroll            |     1 |     6 |     3 ||    10
       Potion            |       |     6 |     2 ||     8
 Stab: Sleeping          |     4 |     4 |       ||     8
       Invisible         |       |     1 |       ||     1
Armor: Skin              |     5 |    11 |     2 ||    18
Dodge: Dodged            |    42 |    81 |    19 ||   142
